 Dungeon Crawl Stone Soup version 0.18-a0-1789-gbeff17f (webtiles) character file.

66 macross the Skirmisher (level 3, -1/30 HPs)
             Began as a Demonspawn Chaos Knight on Apr 21, 2016.
             Slain by an adder (3 damage)
             ... on level 3 of the Dungeon.
             The game lasted 00:05:45 (493 turns).

macross the Skirmisher (Demonspawn Chaos Knight)     Turns: 493, Time: 00:05:46

Health: -1/30      AC:  5    Str: 13    XL:     3   Next: 96%
Magic:  3/3        EV: 11    Int: 13    God:    Xom [.*....]
Gold:   30         SH:  0    Dex: 12    Spells: 0 memorised, 2 levels left

rFire  . . .     SeeInvis .     a - +0 mace (chaos)
rCold  . . .     Gourm    .     b - +2 leather armour
rNeg   . . .     Faith    .     (no shield)
rPois  .         Spirit   .     (no helmet)
rElec  .         Dismiss  .     (no cloak)
rCorr  .         Reflect  .     (no gloves)
SustAt .         Harm     .     (no boots)
MR     .....                    (no amulet)
Stlth  +.........               (no ring)
                                (no ring)

@: not resistant to hostile enchantments, very unstealthy
A: hooves 1, rot immunity
a: Renounce Religion


You were on level 3 of the Dungeon.
You worshipped Xom.
You were a plaything of Xom.
You were not hungry.

You visited 1 branch of the dungeon, and saw 4 of its levels.

You collected 30 gold pieces.

Inventory:

Hand Weapons
 a - a +0 mace of chaos (weapon)
Armour
 b - a +2 leather armour (worn)
Scrolls
 f - a scroll of teleportation {unknown}
 g - a scroll of remove curse {unknown}
 h - 3 scrolls of identify {unknown}
 j - a scroll of recharging {unknown}
 k - a scroll of fear {unknown}
Potions
 d - 2 potions of curing {unknown}
 e - a potion of flight {unknown}
Comestibles
 c - a bread ration
 i - a beef jerky


   Skills:
 + Level 3.8 Fighting
 + Level 3.3 Maces & Flails
 + Level 2.2 Armour
 + Level 1.2 Dodging
 + Level 0.2 Stealth


You had 2 spell levels left.
You didn't know any spells.

Dungeon Overview and Level Annotations

Branches:
Dungeon (4/15)
 Temple: D:4-7

Altars:
Dithmenos


Innate Abilities, Weirdness & Mutations

You have large cloven feet.
You are immune to rotting.


Message History

There is a stone staircase leading up here.
You can't go down here!
The iguana bites you.
* * * LOW HITPOINT WARNING * * *
You climb upwards.
An adder comes into view.
There is a stone staircase leading down here.
Xom alters the dungeon around you.
A door bursts open!
The iguana closely misses you. The iguana barely misses you.
There is an open door here.
The iguana bites you.
* * * LOW HITPOINT WARNING * * *
You sock the iguana!
The iguana is poisoned.
The iguana is severely wounded.
The iguana barely misses you.
You hit the iguana. You burn the iguana.
You kill the iguana!
The adder bites you.
You die...

#.......# #.# ..###...#
#+# .<......# #
..####..# .# ........#
.. ..#####.# .#
........######## ..+
..######.......###...###
..# #.....>.S@.......
..# #.......#########
..# #.......# #.#
#.......# ..# #.......#
#.# #.......# #.......#
#.......#


You could see an adder.

Vanquished Creatures
  An iguana (D:3)
  A worker ant (D:3)
  An ooze (D:1)
  2 dart slugs (D:3)
  A giant cockroach (D:2)
  4 goblins
  A bat (D:2)
  A kobold (D:3)
  A rat (D:1)
13 creatures vanquished.

Notes
Turn   | Place    | Note
--------------------------------------------------------------
     0 | D:1      | macross the Demonspawn Chaos Knight began the quest for the Orb.
     0 | D:1      | Reached XP level 1. HP: 18/18 MP: 1/1
   240 | D:1      | Gained mutation: You have large cloven feet. [demonic ancestry]
   240 | D:1      | Reached XP level 2. HP: 23/24 MP: 2/2
   342 | D:3      | Reached skill level 1 in Dodging
   394 | D:3      | Found a faded altar to an unknown god.
   407 | D:3      | XOM: potion effect (curing)
   418 | D:3      | Gained mutation: You are immune to rotting. [demonic ancestry]
   418 | D:3      | Reached XP level 3. HP: 17/29 MP: 3/3
   479 | D:4      | Found a shadowy altar of Dithmenos.
   485 | D:4      | XOM: divination: detect creatures
   489 | D:3      | XOM: scenery: 1 doors open
   491 | D:3      | HP: 1/29 [iguana (4)]
   493 | D:3      | Slain by an adder

Vault maps used:
D:1:      ncdulo_wetmaze
D:2:      marbit_many_paths, grunt_temple_overflow_open
D:3:      kennysheep_vampire_church, ecumenical_altar_2
D:4:      lemuel_crystal_altar

Skill      XL: |  1  2 |
---------------+-------+-----
Maces & Flails | 3 |  3.3
Armour         | 2 |  2.2
Dodging        | 1 |  1.2
Fighting       | |  3.8
Stealth        | |  0.2

Action                   || total
-------------------------++-------
Melee: Mace              ||    45
       Kick              ||     5
 Stab: Petrifying        ||     1
       Petrified         ||     1
Armor: Leather armour    ||    14
Dodge: Dodged            ||    27
